 Dungeon Crawl Stone Soup version 0.20.1-1-g8b1a95d (webtiles) character file.

1025 equalderp2856 the Chopper (level 8, 0/68 HPs)
             Began as a Minotaur Fighter on Oct 22, 2017.
             Slain by a hippogriff (7 damage)
             ... on level 7 of the Dungeon.
             The game lasted 00:07:21 (4261 turns).

equalderp2856 the Chopper (Minotaur Fighter)        Turns: 4261, Time: 00:07:22

Health: 0/68       AC:  7    Str: 21    XL:     8   Next: 2%
Magic:  7/7        EV:  8    Int:  5    God:
Gold:   196        SH: 10    Dex: 12    Spells: 7/7 levels left

rFire    . . .     SeeInvis .   a - +0 war axe
rCold    . . .     Gourm    .   c - +0 shield
rNeg     . . .     Faith    .   b - +0 scale mail
rPois    .         Spirit   .   (helmet restricted)
rElec    .         Reflect  .   (no cloak)
rCorr    .         Harm     .   (no gloves)
MR       .....                  (no boots)
Stlth    ..........             (no amulet)
Regen    0.3/turn               (no ring)
MPRegen  0.1/turn               (no ring)

@: no status effects
A: retaliatory headbutt, horns 2
a: no special abilities


You were on level 7 of the Dungeon.
You were very hungry.

You visited 1 branch of the dungeon, and saw 6 of its levels.

You collected 196 gold pieces.

Inventory:

Hand Weapons
 a - a +0 war axe (weapon)
Armour
 b - a +0 scale mail (worn)
 c - a +0 shield (worn)
Jewellery
 j - an uncursed amulet of the gourmand {unknown}
 r - a cursed ring of poison resistance {unknown}
Scrolls
 h - 3 scrolls of recharging {unknown}
 k - 4 scrolls of remove curse {unknown}
 l - a scroll of blinking {unknown}
 n - 2 scrolls of teleportation {unknown}
 o - a scroll of amnesia {unknown}
 s - a scroll of enchant weapon {unknown}
 t - 2 scrolls of identify {unknown}
 v - a scroll of random uselessness {unknown}
Potions
 d - a potion of might
 e - a potion of heal wounds {unknown}
 i - a potion of berserk rage {unknown}
 m - a potion of mutation {unknown}
 p - a potion of lignification {unknown}
 q - a potion of ambrosia {unknown}
 w - a potion of haste {unknown}
Comestibles
 f - 4 bread rations
 g - 7 fruits
 u - a meat ration
 x - a royal jelly


   Skills:
 + Level 5.2 Fighting
 + Level 7.3 Axes
 + Level 6.9 Armour
 + Level 1.3 Dodging
 + Level 0.3 Stealth
 + Level 5.9 Shields


You had 7 spell levels left.
You didn't know any spells.

Dungeon Overview and Level Annotations

Branches:
Dungeon (5/15)             Temple (0/1) D:4

Altars:
Fedhas
Kikubaaqudgha
Sif Muna
The Shining One

Shops:
D:4 }

Annotations:
D:3 Grinder


Innate Abilities, Weirdness & Mutations

You reflexively headbutt those who attack you in melee.
You have a pair of horns on your head.


Message History

You block the hippogriff's attack. The hippogriff pecks you.
* * * LOW HITPOINT WARNING * * *
The hippogriff claws you but does no damage.
You hit the hippogriff but do no damage.
The hippogriff is severely wounded.
The hippogriff bites you but does no damage.
The hippogriff pecks you but does no damage.
You block the hippogriff's attack.
You closely miss the hippogriff.
The hippogriff is severely wounded.
The hippogriff bites you.
* * * LOW HITPOINT WARNING * * *
You block the hippogriff's attack.
The hippogriff claws you but does no damage.
You barely miss the hippogriff.
The hippogriff is severely wounded.
The hippogriff bites you!
* * * LOW HITPOINT WARNING * * *
The hippogriff barely misses you. The hippogriff claws you!
You die...

### #. #.. ... ..#
#.# #.# #.# #.# #.#
#.# #.#
.##.#####.######.###
.............. ....
.##.####...#####.#
................@#
...........#####H#
.#..###.#.## #.#
....# #..... .$#
##..# #.##### #$#
##.....# #.# #.#####
#.# (.# #>. #.#


You could see a hippogriff.

Vanquished Creatures
  A hippogriff (D:7)
  The ghost of Frank the Skirmisher, an amateur OpFi (D:3)
  Edmund (D:4)
  An ogre (D:4)
  A scorpion (D:4)
  A howler monkey (D:4)
  2 jellies (D:5)
  An orc priest (D:4)
  2 iguanas
  Natasha (D:3)
  2 orc wizards (D:4)
  2 worker ants (D:5)
  2 adders (D:5)
  3 gnolls (D:2)
  3 oozes
  2 adder skeletons (D:5)
  2 worms (D:5)
  6 dart slugs
  4 leopard geckos
  10 orcs
  A ball python (D:1)
  3 giant cockroaches
  3 goblins
  8 hobgoblins
  11 jackals
  2 quokkas (D:2)
  9 bats
  5 frilled lizards
  6 kobolds
  A leopard gecko skeleton (D:4)
  A quokka skeleton (D:4)
  8 rats
106 creatures vanquished.

Notes
Turn   | Place    | Note
-------+----------+-------------------------------------------
     0 | D:1      | equalderp2856 the Minotaur Fighter began the quest for the Orb.
     0 | D:1      | Reached XP level 1. HP: 19/19 MP: 0/0
   136 | D:1      | Reached XP level 2. HP: 27/27 MP: 1/1
   438 | D:1      | Reached XP level 3. HP: 29/33 MP: 2/2
   935 | D:2      | Reached skill level 3 in Axes
  1180 | D:2      | Found a glowing golden altar of the Shining One.
  1180 | D:2      | Found a blossoming altar of Fedhas.
  1854 | D:2      | Reached XP level 4. HP: 35/40 MP: 3/3
  2035 | D:3      | Noticed Frank's ghost (amateur OpFi)
  2293 | D:3      | Noticed Natasha
  2301 | D:3      | Killed Natasha
  2487 | D:3      | Reached skill level 4 in Axes
  2487 | D:3      | Reached skill level 5 in Armour
  2487 | D:3      | Reached XP level 5. HP: 32/46 MP: 4/4
  2536 | D:3      | Noticed Grinder
  2576 | D:3      | Killed Frank's ghost
  2576 | D:3      | Reached XP level 6. HP: 38/53 MP: 5/5
  3002 | D:4      | Noticed Edmund
  3016 | D:4      | Killed Edmund
  3016 | D:4      | Reached skill level 5 in Axes
  3237 | D:4      | Reached skill level 5 in Shields
  3326 | D:4      | Reached XP level 7. HP: 41/60 MP: 6/6
  3357 | D:4      | Reached skill level 1 in Dodging
  3469 | D:4      | Found a staircase to the Ecumenical Temple.
  3499 | D:4      | Found Etirghex's Gadget Shop.
  3517 | D:4      | Reached skill level 6 in Axes
  3618 | D:4      | Found an ancient bone altar of Kikubaaqudgha.
  3629 | D:4      | Found a deep blue altar of Sif Muna.
  3852 | D:5      | Entered Level 5 of the Dungeon
  4024 | D:5      | Reached skill level 5 in Fighting
  4228 | D:5      | You fall through a shaft for 2 floors!
  4246 | D:7      | Noticed a hippogriff
  4246 | D:7      | Noticed a hippogriff
  4254 | D:7      | Killed a hippogriff
  4254 | D:7      | Reached skill level 7 in Axes
  4254 | D:7      | Reached XP level 8. HP: 40/68 MP: 7/7
  4261 | D:7      | Slain by a hippogriff

Skill      XL: |  1  2  3  4  5  6  7 |
---------------+----------------------+-----
Shields        | 4 5 |  5.9
Armour         | 4 5 6 |  6.9
Fighting       | 4 5 |  5.2
Axes           | 3 4 5 7 |  7.3
Dodging        | 1 |  1.3
Stealth        | |  0.3

Action                   |  1- 3 |  4- 6 |  7- 9 || total
-------------------------+-------+-------+-------++-------
Melee: War axe           |    86 |    84 |   130 ||   300
       Headbutt          |    15 |    17 |    14 ||    46
  Eat: Chunk             |     2 |     6 |     2 ||    10
Armor: Scale mail        |    45 |    21 |    46 ||   112
Dodge: Dodged            |    41 |    32 |    36 ||   109
Block: Shield            |    47 |    38 |    62 ||   147
